[Event "December 19 Late 2023"]
[Site "https://www.chess.com"]
[Date "2023.12.19"]
[Round "8"]
[White "Sturt, Raven"]
[Black "Perea Fruet, Lorenzo"]
[Result "1-0"]
[Board "51"]
[TimeControl "180+1"]
[WhiteFideId "2007304"]
[BlackFideId "24595870"]
[WhiteElo "2408"]
[BlackElo "2268"]
[WhiteTeam "USA"]
[BlackTeam "ESP"]
[WhiteClock "0:00:04"]
[BlackClock "0:00:00"]

1. f4 b6 2. Nf3 Bb7 3. e3 g6 4. d4 Bg7 5. c4 Nf6 6. Nc3 O-O 7. Bd3 e6 8. e4 d5 9. e5 Ne8 10. cxd5 exd5 11. f5 gxf5 12. Ng5 Bc8 13. O-O f6 14. Nxh7 Kxh7 15. Rxf5 Bxf5 16. Bxf5+ Kg8 17. Be6+ Rf7 18. Qh5 Qe7 19. Bxd5 c6 20. e6 cxd5 21. Qxd5 Rf8 22. Qxa8 Nc7 23. Qb7 Qxe6 24. Bf4 Nca6 25. a3 Rf7 26. Qf3 Qc4 27. Rd1 Rd7 28. d5 f5 29. Bxb8 Nxb8 30. Qxf5 Rf7 31. Qe6 Bd4+ 32. Kh1 Nd7 33. h3 Bxc3 34. bxc3 Nf8 35. Qe5 Rg7 36. d6 Qa2 37. Qe4 Qxa3 38. Qd5+ Kh8 39. Rf1 Nd7 40. Qd4 Qc5 41. Qh4+ Kg8 42. Rd1 Qc6 43. Qd8+ Kh7 44. Qh4+ Kg8 45. Qf2 Qe4 46. Re1 Qa8 47. Re7 Qf8 48. Qe2 Rxe7 49. dxe7 Qe8 50. Qe6+ Kg7 51. h4 Nf6 52. Kg1 Qf7 53. Qe5 Kg8 54. h5 Ne8 55. g4 Qc4 56. Qg5+ Kf7 57. h6 Qd3 58. Qf5+ Qxf5 59. gxf5 Nf6 60. Kf2 Kxe7 61. Ke3 Nh7 62. Ke4 Kf6 63. Kd5 Kxf5 64. Kc6 Kg6 65. Kb7 a5 66. Kxb6 a4 67. c4 a3 68. c5 a2 69. c6 a1=Q 70. c7 Qd4+ 71. Kb7 Qd5+ 72. Kb8 Qd6 73. Ka8 Qa6+ 74. Kb8 Qb6+ 75. Ka8 Qc6+ 76. Kb8 Qd6 77. Ka8 Qe6 78. Kb8 Nf6 79. c8=Q Qb6+ 80. Qb7 1-0

[Event "December 19 Late 2023"]
[Site "https://www.chess.com"]
[Date "2023.12.19"]
[Round "8"]
[White "Shapiro, Viktor"]
[Black "Mokshanov, Alexey"]
[Result "0-1"]
[Board "52"]
[TimeControl "180+1"]
[WhiteFideId "4175700"]
[BlackFideId "24121657"]
[WhiteElo "2044"]
[BlackElo "2278"]
[WhiteTeam "RUS"]
[BlackTeam "RUS"]
[WhiteClock "0:00:10"]
[BlackClock "0:00:06"]

1. c4 e5 2. Nc3 Nf6 3. g3 Bb4 4. Bg2 Bxc3 5. bxc3 O-O 6. Nh3 d6 7. O-O Nc6 8. f4 Re8 9. d3 e4 10. Nf2 Bf5 11. Rb1 Rb8 12. Rb5 Qd7 13. h3 a6 14. Rb2 e3 15. Ne4 Nxe4 16. dxe4 Bxe4 17. Bxe4 Rxe4 18. Kg2 Ne7 19. Qd3 Qc6 20. Rf3 Nf5 21. Qd5 Qxd5 22. cxd5 b5 23. Kh2 Ne7 24. Rxe3 Rxe3 25. Bxe3 Nxd5 26. Bd2 Re8 27. Be1 Re4 28. Kg2 f5 29. Kf2 Kf7 30. Bd2 Ke6 31. Rb3 Ra4 32. Rb2 Nf6 33. Be1 Kd5 34. Ke3 Kc4 35. Kf3 h5 36. Rd2 Ra3 37. Rd4+ Kc5 38. Rd3 g6 39. Bf2+ Kc4 40. Bd4 Ne4 41. g4 hxg4+ 42. hxg4 Nxc3 43. gxf5 gxf5 44. Bf6 b4 45. Rd4+ Kb5 46. e3 Rxa2 47. Bd8 Ne4 48. Bxc7 Rf2# 0-1

[Event "December 19 Late 2023"]
[Site "https://www.chess.com"]
[Date "2023.12.19"]
[Round "8"]
[White "Zavgorodniy, Sergiy"]
[Black "Filgueira, Hernan"]
[Result "0-1"]
[Board "53"]
[TimeControl "180+1"]
[WhiteFideId "14110148"]
[BlackFideId "101770"]
[WhiteElo "2402"]
[BlackElo "2363"]
[WhiteTeam "UKR"]
[BlackTeam "ARG"]
[WhiteClock "0:00:41"]
[BlackClock "0:01:13"]

1. e4 e5 2. Nf3 Nc6 3. Bb5 Nge7 4. O-O d6 5. h3 Bd7 6. Re1 g6 7. d3 Bg7 8. Nc3 O-O 9. a3 h6 10. Bc4 Kh7 11. Nh2 f5 12. f4 fxe4 13. dxe4 exf4 14. Rf1 Ne5 15. Bb3 g5 16. Kh1 N7g6 17. Bd2 c6 18. Qe2 Qe7 19. Rad1 Rad8 20. Qf2 a6 21. Bc1 g4 22. hxg4 Bxg4 23. Rde1 Bh5 24. g3 f3 25. g4 Nxg4 26. Nxg4 Bxg4 27. Qh2 Qh4 28. Be3 Bh3 29. Qf2 Bg2+ 30. Kg1 Qh1# 0-1

[Event "December 19 Late 2023"]
[Site "https://www.chess.com"]
[Date "2023.12.19"]
[Round "8"]
[White "Karttunen, Mika"]
[Black "Pham, Le Thao Nguyen"]
[Result "1-0"]
[Board "54"]
[TimeControl "180+1"]
[WhiteFideId "502081"]
[BlackFideId "12401226"]
[WhiteElo "2396"]
[BlackElo "2261"]
[WhiteTeam "FIN"]
[BlackTeam "VIE"]
[WhiteClock "0:00:33"]
[BlackClock "0:00:00"]

1. d4 Nf6 2. c4 e6 3. Nf3 Bb4+ 4. Bd2 Qe7 5. g3 O-O 6. Qc2 Bxd2+ 7. Nbxd2 d6 8. Bg2 e5 9. e3 c6 10. O-O e4 11. Ng5 d5 12. Nh3 h6 13. Nf4 g5 14. Ne2 Be6 15. Nc3 Nbd7 16. cxd5 cxd5 17. f3 exf3 18. Nxf3 Bg4 19. Rae1 Bh5 20. Qb3 Nb6 21. Ne5 Rfd8 22. a4 Rac8 23. a5 Nc4 24. Nxc4 dxc4 25. Qb5 Bg6 26. Qxb7 Rc7 27. Qf3 Rd6 28. e4 Ra6 29. e5 Ne8 30. Nd5 Qe6 31. Nxc7 Nxc7 32. d5 Qd7 33. e6 fxe6 34. Qf8+ Kh7 35. Be4 1-0

[Event "December 19 Late 2023"]
[Site "https://www.chess.com"]
[Date "2023.12.19"]
[Round "8"]
[White "Yashmetov, Mikhail"]
[Black "Vlassov, Nikolai"]
[Result "1-0"]
[Board "55"]
[TimeControl "180+1"]
[WhiteFideId "24198900"]
[BlackFideId "4103360"]
[WhiteElo "2220"]
[BlackElo "2351"]
[WhiteTeam "RUS"]
[BlackTeam "FID"]
[WhiteClock "0:00:03"]
[BlackClock "0:00:00"]

1. d4 Nf6 2. Nc3 d5 3. Bg5 Nbd7 4. g3 c6 5. Bg2 Qb6 6. Qd3 Qxb2 7. Rb1 Qa3 8. Nh3 Qa5 9. O-O h6 10. Bd2 Qc7 11. Bf4 e5 12. dxe5 Nxe5 13. Qe3 Ng4 14. Qd4 Bd6 15. e4 g5 16. exd5 gxf4 17. dxc6 f3 18. Nb5 fxg2 19. Nxc7+ Bxc7 20. Rfe1 O-O 21. Kxg2 Nxc6 22. Qd2 Bf5 23. f3 Rad8 24. Qc1 Nf6 25. Rxb7 Ba5 26. Qxh6 Bxe1 27. Qg5+ Bg6 28. Nf4 Nh7 29. Qh6 Ne5 30. Ne6 Rd2+ 31. Kf1 1-0

[Event "December 19 Late 2023"]
[Site "https://www.chess.com"]
[Date "2023.12.19"]
[Round "8"]
[White "Rama, Tejas"]
[Black "Perske, Thore"]
[Result "1-0"]
[Board "56"]
[TimeControl "180+1"]
[WhiteFideId "30907381"]
[BlackFideId "12902195"]
[WhiteElo "2089"]
[BlackElo "2336"]
[WhiteTeam "USA"]
[BlackTeam "GER"]
[WhiteClock "0:00:33"]
[BlackClock "0:00:34"]

1. d4 d5 2. c4 e5 3. dxe5 d4 4. Nf3 Nc6 5. Nbd2 Nge7 6. Nb3 Nf5 7. g3 Be6 8. Bg2 Bxc4 9. O-O Qd7 10. Qc2 Be6 11. Rd1 O-O-O 12. Bg5 Be7 13. Nc5 Qe8 14. Bxe7 Qxe7 15. Nxb7 Kxb7 16. Nh4 Bd5 17. Bxd5 Rxd5 18. Qb3+ Qb4 19. Qxd5 Nxh4 20. Rac1 Qa4 21. gxh4 Kb6 22. Qc5+ Kb7 23. Rc4 Qxd1+ 24. Kg2 Qxe2 25. Qxc6+ Kb8 26. Qxc7+ Ka8 27. Qc6+ Kb8 28. Rb4+ Qb5 29. Rxb5# 1-0

[Event "December 19 Late 2023"]
[Site "https://www.chess.com"]
[Date "2023.12.19"]
[Round "8"]
[White "Crasyhealer"]
[Black "Omelja, Artem"]
[Result "0-1"]
[Board "58"]
[TimeControl "180+1"]
[BlackFideId "14119846"]
[WhiteElo "2478"]
[BlackElo "2404"]
[BlackTeam "UKR"]
[WhiteClock "0:00:09"]
[BlackClock "0:01:35"]

1. c4 Nf6 2. Nc3 e6 3. e4 c5 4. e5 Ng8 5. Nf3 Nc6 6. d4 cxd4 7. Nxd4 Nxe5 8. Bf4 Ng6 9. Bg3 a6 10. h4 h5 11. Bd3 Bc5 12. Bxg6 fxg6 13. Ne4 Bb4+ 14. Kf1 d5 15. cxd5 exd5 16. Qa4+ Bd7 17. Qxb4 dxe4 18. Re1 Nf6 19. Be5 Qe7 20. Bd6 Qf7 21. Kg1 Qd5 22. f3 Kf7 23. fxe4 Nxe4 24. Nf3 Nxd6 25. Ne5+ Kg8 26. Nxd7 Rd8 27. Ne5 Kh7 28. Nf3 Nf7 29. Qf4 Rhf8 30. Kh2 Nh6 31. Ng5+ Kg8 32. Qe4 Ng4+ 33. Kg3 Qd6+ 0-1

[Event "December 19 Late 2023"]
[Site "https://www.chess.com"]
[Date "2023.12.19"]
[Round "8"]
[White "Melikhov, Evgeny V."]
[Black "Rojas Alarcon, Julian Antonio"]
[Result "0-1"]
[Board "59"]
[TimeControl "180+1"]
[WhiteFideId "4122046"]
[BlackFideId "5107407"]
[WhiteElo "2165"]
[BlackElo "2340"]
[WhiteTeam "GRE"]
[BlackTeam "MEX"]
[WhiteClock "0:00:09"]
[BlackClock "0:00:54"]

1. d4 Nf6 2. c4 e6 3. Nc3 Bb4 4. Qc2 Nc6 5. Nf3 d6 6. e4 e5 7. d5 Bxc3+ 8. Qxc3 Ne7 9. Bd3 O-O 10. h3 c6 11. Be3 cxd5 12. cxd5 Nexd5 13. exd5 e4 14. Bg5 exd3 15. Bxf6 Qxf6 16. Qxf6 gxf6 17. Kd2 Bf5 18. Rhe1 Rfe8 19. Re3 Rxe3 20. fxe3 Be4 21. Rc1 Bxd5 22. Kxd3 Bxa2 23. Rc7 Bd5 24. e4 Bc6 25. Nd4 Rb8 26. Nf5 Kf8 27. Kd4 Rd8 28. g4 a5 29. h4 a4 30. h5 h6 31. Nxh6 d5 32. e5 fxe5+ 33. Kxe5 Re8+ 34. Kd4 Re4+ 35. Kd3 Rf4 36. Nf5 Ke8 37. h6 Bd7 38. Rxd7 Kxd7 39. h7 Rf3+ 40. Kd4 Rh3 41. Kxd5 Rxh7 42. g5 Rh2 43. Nh6 Rxb2 44. Nxf7 a3 45. Ne5+ Ke7 0-1

[Event "December 19 Late 2023"]
[Site "https://www.chess.com"]
[Date "2023.12.19"]
[Round "8"]
[White "Gurevich, Dmitry"]
[Black "Sivakumar, Shaaketh"]
[Result "0-1"]
[Board "60"]
[TimeControl "180+1"]
[WhiteFideId "2000407"]
[BlackFideId "30940176"]
[WhiteElo "2506"]
[BlackElo "2292"]
[WhiteTeam "USA"]
[BlackTeam "USA"]
[WhiteClock "0:00:00"]
[BlackClock "0:01:28"]

1. d4 e6 2. c4 b6 3. Nc3 Bb7 4. a3 f5 5. d5 Nf6 6. g3 g6 7. Bg2 Bg7 8. Nh3 O-O 9. O-O Na6 10. Bd2 Nc5 11. Rc1 a5 12. Nf4 e5 13. Nd3 Nxd3 14. exd3 c6 15. b4 axb4 16. axb4 cxd5 17. Nxd5 Kh8 18. Be3 f4 19. Bxb6 Qb8 20. Bc5 d6 21. Nxf6 Bxg2 22. Kxg2 Bxf6 23. Qf3 dxc5 24. bxc5 Qc7 25. Rb1 Qxc5 26. Rb7 Rac8 27. Ra1 e4 28. Qxe4 f3+ 0-1

[Event "December 19 Late 2023"]
[Site "https://www.chess.com"]
[Date "2023.12.19"]
[Round "8"]
[White "Lizak, Peter"]
[Black "Akhayan, Ruben"]
[Result "1-0"]
[Board "61"]
[TimeControl "180+1"]
[WhiteFideId "731595"]
[BlackFideId "204439"]
[WhiteElo "2420"]
[BlackElo "2141"]
[WhiteTeam "HUN"]
[BlackTeam "BEL"]
[WhiteClock "0:01:28"]
[BlackClock "0:01:03"]

1. d4 a6 2. e4 e6 3. c4 d5 4. cxd5 exd5 5. exd5 Nf6 6. Nc3 Nxd5 7. Bc4 Be6 8. Qb3 c6 9. Qxb7 Nd7 10. Bxd5 cxd5 11. Nxd5 Bxd5 12. Qxd5 Bb4+ 13. Kf1 O-O 14. Nf3 Rc8 15. a3 Ba5 16. Bg5 Qc7 17. g3 Bb6 18. Rc1 Qa7 19. Kg2 h6 20. Be7 Rfe8 21. Rxc8 Rxc8 22. b4 Nb8 23. Bc5 Bxc5 24. dxc5 Qc7 25. Rd1 Nc6 26. Qd6 Qb7 27. Qd7 Rc7 28. Qe8+ Kh7 29. Qe4+ g6 30. Rd6 Qc8 31. Qd5 Nd8 32. Rxd8 1-0

[Event "December 19 Late 2023"]
[Site "https://www.chess.com"]
[Date "2023.12.19"]
[Round "8"]
[White "Gallegos Diaz, Carlos Alberto"]
[Black "Hajiyev, Kanan"]
[Result "1-0"]
[Board "62"]
[TimeControl "180+1"]
[WhiteFideId "3900886"]
[BlackFideId "13404148"]
[WhiteElo "2362"]
[BlackElo "2102"]
[WhiteTeam "VEN"]
[BlackTeam "AZE"]
[WhiteClock "0:00:17"]
[BlackClock "0:00:00"]

1. e4 c6 2. Nf3 d5 3. d3 dxe4 4. dxe4 Qxd1+ 5. Kxd1 Bg4 6. Bd3 Nf6 7. Ke2 g6 8. Be3 Bg7 9. Nd2 O-O 10. h3 Bxf3+ 11. Nxf3 Nbd7 12. a4 Ne8 13. c3 Nc7 14. Rhd1 Rfd8 15. Bc4 h6 16. Bf4 e5 17. Be3 Kf8 18. b4 f5 19. Rd6 f4 20. Rad1 fxe3 21. Rxd7 Rxd7 22. Rxd7 b5 23. axb5 cxb5 24. Bb3 a5 25. Rf7+ Ke8 26. Rxg7 a4 27. Ba2 exf2 28. Nxe5 Kd8 29. Rg8+ Ke7 30. Rxa8 Nxa8 31. Nc6+ Kd6 32. Nd4 Nc7 33. Kxf2 Ke5 34. Ke3 h5 35. Nf3+ Kd6 36. Kd4 Na8 37. e5+ Ke7 38. Kc5 Nc7 39. Nd4 h4 40. Kc6 Ne8 41. Nxb5 Ng7 42. Nd4 g5 43. Kd5 Nh5 44. Nc6+ Kd7 45. e6+ Ke8 46. Kd6 Nf4 47. e7 Nxg2 48. Ne5 1-0

[Event "December 19 Late 2023"]
[Site "https://www.chess.com"]
[Date "2023.12.19"]
[Round "8"]
[White "Kokoszczynski, Jan"]
[Black "Polster, Christian"]
[Result "0-1"]
[Board "63"]
[TimeControl "180+1"]
[WhiteFideId "1174460"]
[BlackFideId "12965081"]
[WhiteElo "2266"]
[BlackElo "2141"]
[WhiteTeam "POL"]
[BlackTeam "GER"]
[WhiteClock "0:00:00"]
[BlackClock "0:00:02"]

1. e4 c6 2. d4 d5 3. e5 Bf5 4. c4 e6 5. Nc3 Ne7 6. h4 h6 7. Nge2 dxc4 8. Ng3 Bd3 9. Bxd3 cxd3 10. Qxd3 Nd7 11. f4 Nb6 12. f5 exf5 13. O-O g6 14. Bd2 h5 15. Rae1 Ned5 16. Nxf5 gxf5 17. Qxf5 Qe7 18. Ne4 Qe6 19. Nf6+ Kd8 20. Qg5 Be7 21. a4 a5 22. Rf2 Kc7 23. Ref1 Nb4 24. Qf4 N6d5 25. Qf3 Raf8 26. Ne4 Kc8 27. Bg5 Kb8 28. Bxe7 Qxe7 29. Nd6 Rhg8 30. Nf5 Qe6 31. Nd6 Rg6 32. Rc1 Rfg8 33. Ne4 Rg4 34. Nc5 Qc8 35. Qxf7 Qc7 36. Qf3 Rxd4 37. Ne6 Qb6 38. Nxd4 Qxd4 39. Kh1 Qxh4+ 40. Kg1 Qd4 41. Qf7 Rd8 42. e6 Qe3 43. Rf1 Nd3 0-1

[Event "December 19 Late 2023"]
[Site "https://www.chess.com"]
[Date "2023.12.19"]
[Round "8"]
[White "Paragua, Megan Althea"]
[Black "Ambartsumova, Karina"]
[Result "1-0"]
[Board "64"]
[TimeControl "180+1"]
[WhiteFideId "30973007"]
[BlackFideId "4166299"]
[WhiteElo "1961"]
[BlackElo "2240"]
[WhiteTeam "USA"]
[BlackTeam "RUS"]
[WhiteClock "0:00:19"]
[BlackClock "0:00:04"]

1. e4 e5 2. Nf3 Nc6 3. d4 exd4 4. Nxd4 Bc5 5. Nb3 Bb6 6. Qe2 d6 7. Nc3 Nf6 8. Bg5 h6 9. Bxf6 Qxf6 10. f3 O-O 11. O-O-O Be6 12. g4 Nd4 13. Nxd4 Bxd4 14. Qd3 c5 15. h4 a6 16. Kb1 b5 17. g5 hxg5 18. hxg5 Qxg5 19. e5 Bf5 20. Ne4 Qg6 21. exd6 Rfe8 22. Bh3 Bxe4 23. fxe4 Qxe4 24. Qxe4 Rxe4 25. Bg2 f5 26. c3 Bf6 27. Bxe4 fxe4 28. Rhe1 Kf7 29. Rxe4 Rh8 30. d7 c4 31. Rf4 Rd8 32. Re4 Rh8 33. a4 Rb8 34. a5 Be7 35. Red4 Rd8 36. Re4 Rb8 37. Rd5 Rd8 38. Kc2 Rb8 39. Rde5 Bf6 40. Re8 Rb7 41. d8=Q Bxd8 42. Rxd8 g5 43. Rd5 Kf6 44. Rd6+ Kf5 45. Red4 Rg7 46. Rxa6 g4 47. Rb6 g3 48. Rxb5+ Ke6 49. Rd1 g2 50. Rg1 Rg3 51. a6 Rg8 52. a7 Ra8 53. Rxg2 1-0

[Event "December 19 Late 2023"]
[Site "https://www.chess.com"]
[Date "2023.12.19"]
[Round "8"]
[White "Domingo Nunez, Alejandro"]
[Black "Chemin, Justo Reinaldo"]
[Result "1-0"]
[Board "65"]
[TimeControl "180+1"]
[WhiteFideId "22245561"]
[BlackFideId "2101580"]
[WhiteElo "2252"]
[BlackElo "1940"]
[WhiteTeam "ESP"]
[BlackTeam "BRA"]
[WhiteClock "0:00:18"]
[BlackClock "0:00:00"]

1. e4 e6 2. Nf3 d5 3. Nc3 c5 4. exd5 exd5 5. Bb5+ Nc6 6. O-O Be7 7. d4 c4 8. Ne5 Bd7 9. Qf3 Nf6 10. Nxd5 Nxe5 11. dxe5 Nxd5 12. Qxd5 Bxb5 13. Qxb5+ Qd7 14. Qxc4 Rc8 15. Qd3 Qxd3 16. cxd3 Rc2 17. Be3 Rxb2 18. Bxa7 O-O 19. Rfb1 Rd2 20. Be3 Rxd3 21. Rxb7 Ba3 22. Rb3 Rfd8 23. g3 h5 24. h4 Rxb3 25. axb3 Bb2 26. Ra5 Rd3 27. Rb5 Kh7 28. Kf1 Kg6 29. Ke2 Rd7 30. f4 Kf5 31. Kf3 Rd3 32. Ke2 Rd7 33. e6+ Kxe6 34. Rxh5 Rc7 35. b4 1-0

[Event "December 19 Late 2023"]
[Site "https://www.chess.com"]
[Date "2023.12.19"]
[Round "8"]
[White "Estrada Nieto, Julian"]
[Black "Vargas Rodriguez, Wilver"]
[Result "1-0"]
[Board "66"]
[TimeControl "180+1"]
[WhiteFideId "5101018"]
[BlackFideId "3509672"]
[WhiteElo "2161"]
[BlackElo "2210"]
[WhiteTeam "ESP"]
[BlackTeam "CUB"]
[WhiteClock "0:00:18"]
[BlackClock "0:00:23"]

1. e4 e6 2. d4 d5 3. Nd2 c5 4. exd5 Qxd5 5. Ngf3 cxd4 6. Bc4 Qd6 7. O-O Nf6 8. Nb3 Nc6 9. Nbxd4 Nxd4 10. Nxd4 Bd7 11. a4 Qc7 12. Qe2 Bd6 13. h3 Bh2+ 14. Kh1 Bf4 15. Nb5 Bxb5 16. Bxb5+ Ke7 17. Rd1 Rhd8 18. Bxf4 Qxf4 19. Kg1 Rxd1+ 20. Rxd1 Rd8 21. Rxd8 Kxd8 22. c3 Qc1+ 23. Kh2 Qf4+ 24. g3 Qe4 25. Kg1 Qxe2 26. Bxe2 Kc7 27. Kf1 Ne4 28. Ke1 Nc5 29. a5 Nb3 30. a6 b6 31. Kd1 Nc5 32. f3 Kc6 33. b4 Na4 34. Kc2 b5 35. Kb3 Nb6 36. Bd3 f5 37. g4 g6 38. h4 Nd5 39. Bxb5+ Kxb5 40. c4+ Kc6 41. cxd5+ Kxd5 42. gxf5 gxf5 43. f4 e5 44. fxe5 Kxe5 45. b5 f4 46. Kc2 Kd4 47. b6 f3 48. Kd2 f2 49. Ke2 axb6 50. a7 b5 51. a8=Q b4 52. Qb7 f1=Q+ 53. Kxf1 Kc3 54. Qxh7 1-0

[Event "December 19 Late 2023"]
[Site "https://www.chess.com"]
[Date "2023.12.19"]
[Round "8"]
[White "D`Arruda, Ricardo D."]
[Black "Adewumi, Tanitoluwa"]
[Result "0-1"]
[Board "67"]
[TimeControl "180+1"]
[WhiteFideId "100692"]
[BlackFideId "30966396"]
[WhiteElo "2539"]
[BlackElo "2325"]
[WhiteTeam "ARG"]
[BlackTeam "USA"]
[WhiteClock "0:00:02"]
[BlackClock "0:00:01"]

1. Nf3 Nf6 2. d4 e6 3. c4 b6 4. Nc3 Bb7 5. e3 d5 6. Bd3 Bd6 7. O-O O-O 8. Qe2 Ne4 9. Bd2 Nd7 10. Rfd1 f5 11. Be1 Qe7 12. Rac1 a6 13. Nd2 Rf7 14. f3 Nxc3 15. bxc3 Re8 16. Bf2 Kh8 17. cxd5 exd5 18. Bxa6 Ba8 19. c4 f4 20. Re1 Qf8 21. Qd3 fxe3 22. Rxe3 Rd8 23. cxd5 Bxd5 24. Bc4 Nf6 25. g3 Bb4 26. f4 Bxd2 27. Qxd2 Bxc4 28. Rxc4 c5 29. Re1 Ng4 30. h3 Nf6 31. Qc2 Rfd7 32. dxc5 Rd2 33. Qf5 R8d5 34. Re5 g6 35. Qe6 Rd1+ 36. Kg2 Rxe5 37. Qxe5 b5 38. Rc2 Rd5 39. Qe6 Kg7 40. c6 Qa8 41. Kh2 Rf5 42. c7 Rh5 43. c8=Q Rxh3+ 44. Kxh3 Qh1# 0-1

[Event "December 19 Late 2023"]
[Site "https://www.chess.com"]
[Date "2023.12.19"]
[Round "8"]
[White "Bardyk, Artem"]
[Black "Rees, Ioan"]
[Result "1/2-1/2"]
[Board "68"]
[TimeControl "180+1"]
[WhiteFideId "34349979"]
[BlackFideId "1801236"]
[WhiteElo "2300"]
[BlackElo "2270"]
[WhiteTeam "RUS"]
[BlackTeam "WLS"]
[WhiteClock "0:00:24"]
[BlackClock "0:00:17"]

1. e4 c6 2. Nf3 d5 3. exd5 cxd5 4. Ne5 Nc6 5. d4 Nf6 6. c3 e6 7. Bd3 Bd6 8. f4 Qc7 9. Nd2 O-O 10. O-O Nd7 11. Qh5 f5 12. Ndf3 Ndxe5 13. fxe5 Be7 14. Bg5 g6 15. Qh4 Qd8 16. Bxe7 Qxe7 17. Qf4 Kg7 18. h4 h6 19. Kf2 Bd7 20. Rh1 Rf7 21. Rh3 Rg8 22. Rg3 Kh7 23. Rh1 Rh8 24. Ng1 Rg7 25. Nh3 Kg8 26. Qc1 Be8 27. Nf4 a6 28. Be2 b5 29. Bf3 Bf7 30. Nd3 g5 31. hxg5 hxg5 32. Rxh8+ Kxh8 33. Rh3+ Rh7 34. Rxh7+ Kxh7 35. g4 Kg6 36. gxf5+ exf5 37. Qh1 Kg7 38. Bxd5 Nd8 39. Nc5 Qe8 40. Bxf7 Qxf7 41. d5 g4 42. e6 Qf6 43. Qh5 Qe5 44. Qg5+ Kh7 45. Qxd8 Qf4+ 46. Ke2 Qf3+ 47. Kd2 Qf2+ 48. Kd3 Qxc5 49. e7 Qc4+ 50. Kd2 Qf4+ 51. Kc2 Qe4+ 52. Kd2 Qf4+ 53. Ke2 Qf3+ 54. Ke1 Qe3+ 55. Kd1 Qd3+ 56. Kc1 Qe3+ 57. Kc2 Qe2+ 58. Kb3 Qc4+ 59. Kc2 Qe2+ 60. Kc1 Qe1+ 61. Kc2 Qe2+ 1/2-1/2

[Event "December 19 Late 2023"]
[Site "https://www.chess.com"]
[Date "2023.12.19"]
[Round "8"]
[White "WoolworthsManly"]
[Black "Sadovsky, Artem"]
[Result "0-1"]
[Board "69"]
[TimeControl "180+1"]
[BlackFideId "4155840"]
[WhiteElo "2665"]
[BlackElo "2314"]
[BlackTeam "FID"]
[WhiteClock "0:00:49"]
[BlackClock "0:01:57"]

1. e4 g6 2. h4 Bg7 3. h5 d5 4. exd5 Qxd5 5. Nc3 Qe5+ 6. Be2 Bg4 7. d4 Bxe2 8. Ngxe2 Qa5 9. h6 Bf6 10. Bd2 c6 11. Ne4 Qd5 12. N2c3 Qxd4 13. Qe2 Nd7 14. O-O-O O-O-O 15. Be3 Qb4 16. Bxa7 Qa5 17. Bd4 Bxd4 18. Rxd4 Ngf6 19. Rhd1 Nxe4 20. Qxe4 Qg5+ 21. f4 Qxh6 22. Rxd7 Rxd7 23. Rxd7 Kxd7 24. Qd4+ Kc7 25. Qe5+ Kd7 26. Qxh8 Qxf4+ 27. Kd1 Qf1+ 28. Kd2 Qxg2+ 29. Ne2 Qd5+ 30. Ke3 Qxa2 31. Qxh7 Qxb2 32. Qxf7 Qxc2 33. Nd4 Qc3+ 34. Ke4 Qe1+ 35. Kd3 Qb1+ 36. Ke3 Qg1+ 37. Kd3 Qg3+ 38. Kc4 b5+ 39. Kb4 c5+ 40. Kxc5 Qd6+ 41. Kxb5 Qxd4 42. Qxg6 Qd5+ 43. Kb4 Qd6+ 44. Qxd6+ Kxd6 45. Kc4 Ke5 46. Kd3 Kf4 47. Ke2 Ke4 48. Kf2 Kd3 49. Kf3 e5 50. Kf2 e4 51. Ke1 Ke3 0-1

[Event "December 19 Late 2023"]
[Site "https://www.chess.com"]
[Date "2023.12.19"]
[Round "8"]
[White "Benedetti, Julio"]
[Black "Chaika, Vitalii"]
[Result "1/2-1/2"]
[Board "70"]
[TimeControl "180+1"]
[WhiteFideId "172545"]
[BlackFideId "14111802"]
[WhiteElo "2299"]
[BlackElo "2010"]
[WhiteTeam "ARG"]
[BlackTeam "UKR"]
[WhiteClock "0:00:09"]
[BlackClock "0:01:24"]

1. e4 d6 2. d4 c6 3. Nf3 Bg4 4. h3 Bh5 5. Be2 e6 6. O-O Nd7 7. c4 Ngf6 8. Nc3 Bxf3 9. Bxf3 e5 10. Be3 Be7 11. Qc2 O-O 12. Rfd1 Qc7 13. b4 a6 14. a3 Rfc8 15. dxe5 dxe5 16. c5 a5 17. Be2 Nf8 18. Bc4 Ng6 19. Qb3 Bf8 20. Na4 Rd8 21. Nb6 Rxd1+ 22. Rxd1 Rd8 23. Rxd8 Qxd8 24. Bxf7+ Kh8 25. Bxg6 hxg6 26. Bg5 axb4 27. axb4 Qd4 28. Bxf6 gxf6 29. Qf7 Bg7 30. Qxg6 Qxb4 31. Qh5+ Kg8 32. Qe8+ Kh7 33. Qh5+ Kg8 34. Qe8+ Kh7 35. Qh5+ Bh6 36. Qf7+ Bg7 37. Qh5+ 1/2-1/2

[Event "December 19 Late 2023"]
[Site "https://www.chess.com"]
[Date "2023.12.19"]
[Round "8"]
[White "Deng, Henry"]
[Black "Xie, Bryan"]
[Result "1-0"]
[Board "71"]
[TimeControl "180+1"]
[WhiteFideId "30965454"]
[BlackFideId "30941296"]
[WhiteElo "2581"]
[BlackElo "2033"]
[WhiteTeam "USA"]
[BlackTeam "USA"]
[WhiteClock "0:00:17"]
[BlackClock "0:00:18"]

1. e4 c5 2. Nc3 Nc6 3. Bb5 Nd4 4. Nf3 e6 5. O-O a6 6. Bd3 Nc6 7. a3 Nf6 8. b4 cxb4 9. axb4 Nxb4 10. e5 Nxd3 11. cxd3 Ng8 12. Ne4 f5 13. exf6 Nxf6 14. Ne5 Nxe4 15. dxe4 Qf6 16. d4 Bd6 17. Nxd7 Bxd7 18. e5 Bxe5 19. dxe5 Qxe5 20. Ba3 O-O-O 21. Bd6 Qd5 22. Qxd5 exd5 23. Rfe1 Rhe8 24. Be7 Bb5 25. Rac1+ Kd7 26. Bxd8 Rxe1+ 27. Rxe1 Kxd8 28. Rd1 Bc4 29. f3 b5 30. Kf2 b4 31. Ke3 Kd7 32. Kd4 Kd6 33. Ra1 Kc6 34. g4 g5 35. h4 gxh4 36. f4 Be2 37. g5 h3 38. f5 b3 39. Kc3 Kd6 40. f6 Ke6 41. Re1 h6 42. Rxe2+ Kf7 43. gxh6 Kxf6 44. Rh2 Kg6 45. Rxh3 Kh7 46. Kxb3 1-0

[Event "December 19 Late 2023"]
[Site "https://www.chess.com"]
[Date "2023.12.19"]
[Round "8"]
[White "Devagharan, Devina"]
[Black "Cobysters"]
[Result "0-1"]
[Board "72"]
[TimeControl "180+1"]
[WhiteFideId "2061600"]
[WhiteElo "2437"]
[BlackElo "2575"]
[WhiteTeam "USA"]
[WhiteClock "0:00:00"]
[BlackClock "0:00:33"]

1. d4 Nf6 2. c4 e6 3. Nc3 Bb4 4. e3 d5 5. cxd5 exd5 6. Bd3 O-O 7. Nf3 c5 8. O-O Bg4 9. h3 Bh5 10. dxc5 Nc6 11. Be2 Bxc3 12. bxc3 Ne4 13. Bb2 Nxc5 14. Nd4 Bxe2 15. Qxe2 Ne5 16. Ba3 Qa5 17. Bb4 Qc7 18. Rab1 Rfe8 19. Bxc5 Qxc5 20. Rxb7 Qxc3 21. Qb5 Qc4 22. Qb2 Nd3 23. Qa1 a5 24. Nf5 Re5 25. Rfb1 Rf8 26. Nd6 Qc2 27. Qd4 Qxf2+ 28. Kh1 Rxe3 29. Qg4 Rg3 0-1

[Event "December 19 Late 2023"]
[Site "https://www.chess.com"]
[Date "2023.12.19"]
[Round "8"]
[White "Spata, German"]
[Black "Kovalevsky, Stanislav"]
[Result "0-1"]
[Board "73"]
[TimeControl "180+1"]
[WhiteFideId "113026"]
[BlackFideId "13508598"]
[WhiteElo "2260"]
[BlackElo "2043"]
[WhiteTeam "ARG"]
[BlackTeam "FID"]
[WhiteClock "0:00:05"]
[BlackClock "0:00:11"]

1. Nf3 d5 2. g3 Nf6 3. Bg2 Bg4 4. h3 Qc8 5. hxg4 Nxg4 6. Bh3 f5 7. d4 Nc6 8. c3 Qe6 9. Bf4 O-O-O 10. Bxg4 fxg4 11. Ne5 Nxe5 12. Bxe5 h5 13. Nd2 Rh6 14. Qa4 Kb8 15. Bf4 Rh7 16. e3 Qf5 17. Rc1 g5 18. Be5 h4 19. gxh4 Rxh4 20. Ke2 e6 21. Bg3 Rh3 22. Rxh3 gxh3 23. Qc2 Qg4+ 24. Nf3 Bd6 25. Bxd6 cxd6 26. Rg1 Qxg1 27. Nxg1 h2 28. Nf3 h1=Q 29. Qg6 Qc1 30. Qxg5 Qxb2+ 31. Nd2 Rc8 32. Qe7 Qa3 33. Qxe6 a6 34. Qxd5 Rxc3 35. Qg8+ Ka7 36. Qd5 Rc2 37. Qe4 Qxa2 38. Qd3 Rc1 39. f4 Qg8 40. Qe4 Qg4+ 41. Qf3 Qh4 42. Kd3 Qh7+ 43. Qe4 Qc7 44. Qd5 Qc2+ 45. Ke2 Rd1 46. Qxd6 Qxd2+ 47. Kf3 Rf1+ 48. Ke4 Qc2+ 49. Ke5 Re1 50. Qc5+ Qxc5+ 51. dxc5 Rxe3+ 52. Kd4 Rf3 53. Ke4 Rf1 54. c6 a5 55. c7 Rc1 56. c8=Q Rxc8 0-1